 Dungeon Crawl Stone Soup version 0.23-a0-181-g24f899ac9f (webtiles) character file.

1894 Blackbelt the Purveyor of Pain (level 8, -10/52 HPs)
             Began as a Mummy Necromancer on Sept 19, 2018.
             Was an Initiate of Kikubaaqudgha.
             Killed from afar by Harold (21 damage)
             ... with a harpoon shot
             ... on level 7 of the Dungeon.
             The game lasted 00:26:34 (7815 turns).

Blackbelt the Purveyor of Pain (Mummy Necromancer)  Turns: 7815, Time: 00:26:35

Health: -10/52     AC:  4    Str: 15    XL:     8   Next: 93%
Magic:  19/19      EV: 12    Int: 19    God:    Kikubaaqudgha [......]
Gold:   184        SH:  0    Dex: 13    Spells: 12/21 levels left

rFire    x x .     SeeInvis .   s - +8 mace of the Equator {flame, rN+}
rCold    + + .     Gourm    .   (no shield)
rNeg     + + +     Faith    .   a - +0 robe
rPois    ∞         Spirit   .   p - +0 hat {Int+3}
rElec    .         Reflect  .   r - +0 cloak
rCorr    .         Harm     .   (no gloves)
MR       +....                  b - +0 pair of boots
Stlth    ++........             (no amulet)
HPRegen  0.17/turn              c - +4 ring of strength
MPRegen  0.16/turn              u - ring of ice

@: no status effects
A: no food or potions, fire vulnerability, cold resistance 1, negative energy
resistance 3, torment resistance, unbreathing
a: Renounce Religion


You were on level 7 of the Dungeon.
You worshipped Kikubaaqudgha.
Kikubaaqudgha was noncommittal.
You were not hungry.

You visited 2 branches of the dungeon, and saw 8 of its levels.

You collected 394 gold pieces.
You spent 210 gold pieces at shops.

Inventory:

Hand Weapons
 f - a +0 dagger
 m - a +0 falchion of electrocution
 n - a +0 whip
 s - the +8 mace of the Equator (weapon) {flame, rN+}
   (You found it on level 4 of the Dungeon)

   It has been specially enchanted to burn those struck by it, causing extra
   injury to most foes and up to half again as much damage against particularly
   susceptible opponents.
   It protects you from negative energy.
Armour
 a - a +0 robe (worn)
 b - a +0 pair of boots (worn)
 j - a +0 helmet
 p - a +0 hat of intelligence (worn)
 r - a +0 cloak (worn)
Jewellery
 c - a +4 ring of strength (left hand)
 e - an uncursed ring of resist corrosion
 u - a ring of ice (right hand)
Wands
 h - a wand of polymorph (17)
 t - a wand of paralysis (14)
Scrolls
 d - a scroll of teleportation
 g - a scroll of immolation
 i - 5 scrolls of remove curse
 k - a scroll of noise
 l - a scroll of fear
 o - a scroll of amnesia
 q - a scroll of fog {unknown}
 v - a scroll of blinking {unknown}
 w - 2 scrolls of magic mapping {unknown}


   Skills:
 - Level 1.5 Dodging
 - Level 1.5 Stealth
 - Level 7.4 Spellcasting
 + Level 10.8 Necromancy


You had 12 spell levels left.
You knew the following spells:

 Your Spells              Type           Power        Failure   Level  Hunger
a - Pain                  Necr           ####         1%          1    N/A
b - Animate Skeleton      Necr           N/A          1%          1    N/A
c - Animate Dead          Necr           N/A          1%          4    N/A
d - Vampiric Draining     Necr           #####.....   1%          3    N/A

Your spell library contained the following spells:

 Spells                   Type           Power        Failure   Level  Hunger
 Apportation              Tloc           #.....       10%         1    N/A
 Summon Butterflies       Summ           #.......     10%         1    N/A
 Lesser Beckoning         Tloc           #.........   28%         3    N/A
 Tukima's Dance           Hex            #.......     28%         3    N/A
 Alistair's Intoxication  Tmut/Pois      #.......     95%         5    N/A
 Invisibility             Hex            #.......     100%        6    N/A
 Regeneration             Chrm/Necr      Unusable     N/A         3    N/A

Dungeon Overview and Level Annotations

Branches:
Dungeon (7/15)             Temple (1/1) D:6

Altars:
Ashenzari
Cheibriados
Dithmenos
Elyvilon
Fedhas
Gozag
Hepliaklqana
Kikubaaqudgha
Makhleb
Nemelex Xobeh
Okawaru
Qazlal
Ru
Sif Muna
Trog
Uskayaw
Vehumet
Wu Jian
Xom
Yredelemnul
Zin
The Shining One

Shops:
D:5 *   D:6 =

Annotations:
D:5 2 transporters, feta's ghost, novice FoEE
D:7 3 runed doors, Cathej's ghost, novice GnSk; Harold


Innate Abilities, Weirdness & Mutations

You do not eat or drink.
Your flesh is vulnerable to fire.
You are immune to poison.
Your flesh is cold resistant. (rC+)
You are immune to negative energy. (rN+++)
You are immune to unholy pain and torment.
You can survive without breathing.


Message History

Aiming: Vampiric Draining (safe; 1% risk of failure)
Press: ? - help, Shift-Dir - straight line, f/p - Harold
Aim: Harold, wielding a trident of flaming and wearing a runed ring mail Harold is moderately wounded.
You feel life coursing into your body.
Harold hits you with a trident of flaming!
* * * LOW HITPOINT WARNING * * *
Harold burns you!
* * * LOW HITPOINT WARNING * * *
You can't drink.
You can't eat.
As you read the scroll of fear, it crumbles to dust.
You assume a fearsome visage.
Harold looks frightened!
There is a stone staircase leading up here.
There is an open door here.
The sentinel's mark upon you fades away.
Harold casts a spell at you. The harpoon shot hits you!
You die...
Kikubaaqudgha rasps: "You have failed me!
Welcome... oblivion!"

#########
##.......########################
.'.......#......@.....#..........
.#.......#............#..........
.#.......#............#..........
.#.......#...........#########...
##.....(.#...........##.....##...
.'.......#..................#....
.#.......#..@...............#....
.#.......#..#####+#####.....#....
.#.....###..###......##.....#....


You could see Harold.

Vanquished Creatures
  A spriggan (D:7)
  Menkaure (D:4)
  A sky beast (D:6)
  An ice beast (D:6)
  An ogre (D:5)
  A phantom (D:5)
  2 centaurs
  2 bullfrogs (D:6)
  A wyvern skeleton (D:7)
  2 scorpions
  A howler monkey (D:4)
  A crimson imp (D:5)
  A bullfrog skeleton (D:5)
  2 hounds (D:4)
  Crazy Yiuf (D:4)
  2 orc priests
  3 orc wizards
  A centaur skeleton (D:4)
  Jessica (D:3)
  5 worker ants
  An iguana (D:5)
  Natasha (thrice) (D:2)
  A hound zombie (D:6)
  A hound skeleton (D:6)
  5 adders
  A gnoll (D:6)
  An ooze (D:1)
  2 adder skeletons
  A worm (D:4)
  2 dart slugs
  6 leopard geckos
  8 orcs
  2 bats (D:1)
  5 giant cockroaches
  2 hobgoblins
  13 jackals
  5 kobolds
  3 quokkas (D:4)
  A ball python (D:4)
  4 frilled lizards
  3 goblins
  A jackal skeleton (D:5)
  2 rats (D:1)
104 creatures vanquished.

Vanquished Creatures (collateral kills)
  A phantom (D:4)
  2 gnolls (D:6)
  A worm (D:5)
  A leopard gecko (D:7)
  An orc (D:6)
  A bat (D:3)
  A kobold (D:2)
8 creatures vanquished.

Grand Total: 112 creatures vanquished

Notes
Turn   | Place    | Note
-------+----------+-------------------------------------------
     0 | D:1      | Blackbelt the Mummy Necromancer began the quest for the
                  | Orb.
     0 | D:1      | Reached XP level 1. HP: 13/13 MP: 4/4
   262 | D:1      | Reached XP level 2. HP: 19/19 MP: 2/5
   873 | D:1      | Learned a level 1 spell: Animate Skeleton
   918 | D:2      | Found a glowing golden altar of the Shining One.
   956 | D:2      | Noticed Natasha
   966 | D:2      | Noticed a crimson imp
   973 | D:2      | Killed Natasha
   973 | D:2      | Reached XP level 3. HP: 18/24 MP: 2/8
  1064 | D:2      | Noticed Natasha
  1068 | D:2      | Killed Natasha
  1068 | D:2      | Reached skill level 5 in Necromancy
  1068 | D:2      | Reached XP level 4. HP: 27/30 MP: 3/10
  1195 | D:2      | Noticed Natasha
  1203 | D:2      | Killed Natasha
  1999 | D:3      | Noticed Jessica
  2009 | D:3      | Killed Jessica
  2009 | D:3      | Reached XP level 5. HP: 30/35 MP: 10/12
  2027 | D:3      | Found a snail-covered altar of Cheibriados.
  2081 | D:3      | Learned a level 4 spell: Animate Dead
  2085 | D:3      | Learned a level 3 spell: Vampiric Draining
  2498 | D:3      | Reached skill level 5 in Spellcasting
  2815 | D:4      | Found a runed door.
  2949 | D:4      | Found a sacrificial altar of Ru.
  2950 | D:4      | Noticed Menkaure
  2960 | D:4      | Killed Menkaure
  2960 | D:4      | Reached skill level 6 in Necromancy
  2960 | D:4      | Reached XP level 6. HP: 10/41 MP: 13/15
  3453 | D:4      | Reached XP level 7. HP: 46/46 MP: 10/17
  3454 | D:4      | Found a white marble altar of Elyvilon.
  3886 | D:5      | Entered Level 5 of the Dungeon
  4016 | D:5      | Reached skill level 7 in Necromancy
  4140 | D:5      | Found Facutuq's Assorted Antiques.
  4150 | D:5      | Bought a runed hat for 210 gold pieces
  4184 | D:5      | Found a hazy altar of Hepliaklqana.
  4515 | D:5      | Found a shattered altar of Ashenzari.
  4878 | D:4      | Reached skill level 8 in Necromancy
  5017 | D:4      | Noticed Crazy Yiuf
  5024 | D:4      | Killed Crazy Yiuf
  5033 | D:4      | Got an encrusted mace
  5034 | D:4      | Identified the +8 mace of the Equator {flame, rN+} (You
                  | found it on level 4 of the Dungeon)
  5304 | D:5      | Found a transporter.
  5324 | D:5      | Noticed feta's ghost (novice FoEE)
  5335 | D:5      | Reached XP level 8. HP: 52/52 MP: 19/19
  5339 | D:5      | Found a transporter.
  5396 | D:5      | Found an iron altar of Okawaru.
  5640 | D:6      | Reached skill level 9 in Necromancy
  5936 | D:6      | Found an ornate altar of the Wu Jian Council.
  6162 | D:6      | Found Sinegaj's Jewellery Boutique.
  6349 | D:6      | Reached skill level 10 in Necromancy
  6500 | D:6      | Found a deep blue altar of Sif Muna.
  6518 | D:6      | Found a staircase to the Ecumenical Temple.
  6637 | Temple   | Entered the Ecumenical Temple
  6649 | Temple   | Became a worshipper of Kikubaaqudgha
  6833 | D:7      | Found a sparkling altar of Nemelex Xobeh.
  6876 | D:7      | Found a runed gate.
  6876 | D:7      | Found a runed gate.
  6877 | D:7      | Found a runed gate.
  6877 | D:7      | Noticed Cathej's ghost (novice GnSk)
  7448 | D:7      | Noticed Harold
  7762 | D:7      | HP: 2/52 [Harold/trident of flaming (9)]
  7815 | D:7      | Killed from afar by Harold

Vault maps used:
D:1:      nicolae_arrival_washed_ashore
D:2:      nicolae_overflow_crystal_walls, uniq_natasha
D:3:      old_standard_altar, st_stairs_12, uniq_jessica
D:4:      nicolae_ru_great_annihilating_truth, elyvilon_altar_5, uniq_menkaure,
          uniq_crazy_yiuf_cottage
D:5:      kennysheep_mini_moat, okawaru_ov_weapons_minmay, lemuel_crystal_altar,
          serial_shops, nicolae_shop_overgrown_old_shop, gammafunk_ghost_arena,
          first_ration
D:6:      lemuel_doored_altar, nicolae_overflow_hidden_temple,
          minmay_temple_entry_mist, serial_shops, nicolae_shop_trees
D:7:      kennysheep_mini, gammafunk_ghost_split, the_bakery, uniq_harold
Temple:   nicolae_temple_no_exploring_needed

Skill      XL: |  1  2  3  4  5  6  7  8 |
---------------+-------------------------+-----
Spellcasting   | 3 4 6 7 |  7.4
Necromancy     | 5 6 8 10 | 10.8
Dodging        | |  1.5
Stealth        | |  1.5

Action                   |  1- 3 |  4- 6 |  7- 9 || total
-------------------------+-------+-------+-------++-------
Melee: Unarmed           |     6 |       |       ||     6
       Falchion          |       |    36 |    50 ||    86
       Dagger            |       |     5 |       ||     5
       Mace              |       |       |    48 ||    48
Throw: Throwing net      |       |       |     2 ||     2
 Cast: Pain              |    36 |    51 |    91 ||   178
       Animate Skeleton  |       |     6 |       ||     6
       Animate Dead      |       |     5 |    19 ||    24
       Vampiric Draining |       |     4 |    23 ||    27
  Use: Scroll            |       |     4 |     4 ||     8
 Stab: Sleeping          |       |     2 |     3 ||     5
       Distracted        |       |     1 |       ||     1
Armor: Robe              |     3 |     7 |    20 ||    30
Dodge: Dodged            |     6 |    42 |    94 ||   142
       Rpst.: Falchion   |       |    10 |    18 ||    28

Table legend:
 A = Non-vault XP
 B = Vault XP
 C = Vault XP percentage of total XP
 D = Non-vault monster count
 E = Vault monster count
 F = Vault count percentage of total count
                 A         B        C        D         E       F
            +---------+---------+-------+---------+---------+-------
      Total |    2172 |     534 |  19.7 |     102 |      10 |   8.9
            +---------+---------+-------+---------+---------+-------
        D:1 |      29 |       0 |   0.0 |      13 |       0 |   0.0
        D:2 |      77 |      35 |  31.2 |       6 |       1 |  14.3
        D:3 |      74 |      39 |  34.5 |      11 |       2 |  15.4
        D:4 |     539 |     244 |  31.2 |      20 |       6 |  23.1
        D:5 |     526 |       0 |   0.0 |      22 |       0 |   0.0
        D:6 |     756 |       0 |   0.0 |      19 |       0 |   0.0
        D:7 |     171 |     216 |  55.8 |      11 |       1 |   8.3
            +---------+---------+-------+---------+---------+-------
